 Dungeon Crawl Stone Soup version 0.32-a0-981-g384da2ce10 (webtiles) character file.

Game seed: 14207395144307137666

191 holysushi the Gusty (level 5, -1/36 HPs)
             Began as a Demonspawn Air Elementalist on Apr 21, 2024.
             Was a Believer of Kikubaaqudgha.
             Slain by a gnoll
             ... wielding a +0 club
             ... led by a gnoll bouda
              (8 damage)
             ... on level 4 of the Dungeon.
             The game lasted 00:07:53 (3271 turns).

holysushi the Gusty (Demonspawn Air Elementalist)   Turns: 3271, Time: 00:07:54

Health: -1/36      AC:  3    Str:  7 (8)  XL:     5   Next: 42%
Magic:  11/11      EV: 11    Int: 14 (17) God:    Kikubaaqudgha [**....]
Gold:   209        SH:  0    Dex: 11 (14) Spells: 5/12 levels left

rFire   . . .        n - +1 dagger (elec)
rCold   . . .        (no shield)
rNeg    . . .        a - +0 robe
rPois   .            (no helmet)
rElec   .            i - +0 cloak
rCorr   .            (no gloves)
SInv    .            (no boots)
Will    +....        (no amulet)
Stlth   ++           (no ring)
HPRegen 0.26/turn    (no ring)
MPRegen 0.12/turn

%: no passive effects
@: enlightened, flying
A: powered by death 1, weakness stinger 1
a: Renounce Religion, Unearth Wretches


You were on level 4 of the Dungeon.
You worshipped Kikubaaqudgha.
Kikubaaqudgha was pleased with you.
You visited 1 branch of the dungeon, and saw 4 of its levels.

You collected 209 gold pieces.

Inventory:

Hand Weapons
 n - a +1 dagger of electrocution (weapon)
Armour
 a - a +0 robe (worn)
 i - a +0 cloak (worn)
Jewellery
 r - an amulet of guardian spirit
Wands
 l - a wand of flame (28)
 q - a wand of mindburst (7)
Scrolls
 b - a scroll of silence {unknown}
 c - a scroll of identify {unknown}
 d - a scroll of enchant armour {unknown}
 f - a scroll of teleportation {unknown}
 h - 2 scrolls of blinking {unknown}
 j - a scroll of vulnerability {unknown}
 o - a scroll of noise {unknown}
 p - a scroll of revelation {unknown}
Potions
 e - a potion of degeneration
 g - a potion of curing
 k - a potion of enlightenment
 m - 2 potions of cancellation {unknown}
 s - a potion of lignification {unknown}


   Skills:
 - Level 0.8 Fighting
 - Level 2.0 Dodging
 - Level 1.7 Stealth
 + Level 4.0 Spellcasting
 - Level 1.0 Conjurations
 + Level 4.1 Air Magic


You had 5 spell levels left.
You knew the following spells:

 Your Spells              Type           Power      Damage    Failure   Level
a - Shock                 Conj/Air       36%        1d5       7%          1
b - Static Discharge      Conj/Air       18%        3-4/arc   11%         2
c - Airstrike             Air            7%         2d(1-17)  34%         4

Your spell library contained the following spells:

 Spells                   Type           Power      Damage    Failure   Level
 Swiftness                Air            14%        N/A       11%         3
 Magic Dart               Conj           20%        1d4       13%         1
 Cigotuvi's Dreadful Rot  Necr/Alch/Air  12%        N/A       17%         2
 Searing Ray              Conj           10%        2d4       19%         2
 Lesser Beckoning         Tloc           4%         N/A       28%         2
 Sublimation of Blood     Necr           2%         N/A       28%         2
 Fugue of the Fallen      Necr           2%         N/A       50%         3
 Maxwell's Portable Pile  Tloc           2%         2d(5-14)  50%         3
 Teleport Other           Tloc           2%         N/A       50%         3
 Vampiric Draining        Necr           2%         2d6       50%         3
 Fulminant Prism          Conj/Alch      2%         3d5       83%         4


Dungeon Overview and Level Annotations

Branches:
Dungeon (4/15) Zot: 20728
 Temple: D:4-7

Altars:
Hepliaklqana
Kikubaaqudgha
Xom

Shops:
D:2 (   D:3 (

Annotations:
D:4 exclusion: ogre


Innate Abilities, Weirdness & Mutations

You regenerate a little health from kills.
You have a small tail.


Message History

Aiming: Shock (safe; 5% risk of failure)
Press: ? - help, Shift-Dir - straight line
Okay, then.
The gnoll attacks as it pursues you! The gnoll misses you.
The gnoll attacks as it pursues you! The gnoll closely misses you.
The gnoll barely misses you. The gnoll hits you with a +0 club.
The gnoll attacks as it pursues you! The gnoll hits you with a +0 club!
The gnoll hits you but does no damage.
The gnoll hits you from afar with a +0 halberd.
The gnoll bouda completely misses you. The gnoll closely misses you.
The gnoll is no longer moving quickly.
The gnoll bouda hits you with a +0 whip!
The gnoll attacks as it pursues you! The gnoll barely misses you.
The gnoll hits you from afar with a +0 halberd.
* * * LOW HITPOINT WARNING * * *
There is an open door, spattered with blood here.
The gnoll is no longer moving quickly. x2
The gnoll bouda barks out a call to the hunt!
The gnolls pick up the pace!
The gnoll barely misses you.
Okay, then.
Okay, then.
It was a potion of enlightenment.
You feel very buoyant.
You fly up into the air.
It was a potion of degeneration.
There was something very wrong with that liquid.
You feel weakened.
You feel dopey.
You feel clumsy. The gnoll hits you with a +0 club!
* * * LOW HITPOINT WARNING * * *
Okay, then.
It was a potion of curing.
You feel better.
The gnoll bouda hits you with a +0 whip!
* * * LOW HITPOINT WARNING * * *
The gnoll hits you with a +0 club.
* * * LOW HITPOINT WARNING * * *
The gnoll bouda barks out a call to the hunt!
The gnoll attacks as it pursues you! The gnoll hits you with a +0 club!
You die...
Kikubaaqudgha rasps: You have failed me!
Welcome... death!

#.........# ###
...)...[..# #.. .#
.##........+
#.##.#............#
#######..#.#............#
#.....#..#.#.####.......#
#...............#.......#
#.....##...##.#.#.......#
#......#@..##.#.#...#.###
#...gg.g...##.#..#.##.#
#....g####.....#.#....###
#.....'.gg..>..#.###.....
#.....#g##..##.#>........
#######g##..##.#.#####...
#.........##.#.# #...
#.##.#.#.....#.# ####
#....#.######### ##


You could see a gnoll bouda and 3 gnolls.

Vanquished Creatures
  An orc priest (D:3)
  An iguana (D:2)
  3 gnolls (D:3)
  3 adders (D:2)
  5 dart slugs
  A ribbon worm (D:2)
  4 orcs (D:3)
  7 ball pythons
  9 endoplasms
  5 giant cockroaches
  5 goblins
  2 hobgoblins
  A quokka (D:1)
  8 bats
  2 frilled lizards (D:1)
  8 kobolds
  A rat (D:2)
66 creatures vanquished.

Notes
Turn   | Place    | Note
-------+----------+-------------------------------------------
     0 | D:1      | holysushi the Demonspawn Air Elementalist began the quest
                  | for the Orb.
     0 | D:1      | Reached XP level 1. HP: 13/13 MP: 3/3
   318 | D:1      | Gained mutation: You regenerate a little health from kills.
                  | [demonic ancestry]
   318 | D:1      | Reached XP level 2. HP: 3/20 MP: 3/5
  1232 | D:2      | Reached XP level 3. HP: 13/25 MP: 0/7
  1302 | D:2      | Learned a level 2 spell: Static Discharge
  1725 | D:2      | Found a faded altar of an unknown god.
  1797 | D:2      | Prayed at the altar of an unknown god.
  1797 | D:2      | Became a worshipper of Kikubaaqudgha
  1797 | D:2      | Reached * piety under Kikubaaqudgha
  1797 | D:2      | Received a gift from Kikubaaqudgha
  1969 | D:2      | Gained mutation: You have a small tail. [demonic ancestry]
  1969 | D:2      | Reached XP level 4. HP: 31/31 MP: 4/8
  2029 | D:2      | Found Qyful's Weapon Shoppe.
  2461 | D:3      | Found a shimmering altar of Xom.
  2467 | D:3      | Learned a level 4 spell: Airstrike
  2511 | D:3      | Found Ihila's Weapon Emporium.
  2735 | D:3      | Reached XP level 5. HP: 36/36 MP: 0/10
  3108 | D:3      | Reached ** piety under Kikubaaqudgha
  3119 | D:3      | You fall into a shaft and drop 1 floor!
  3141 | D:4      | Noticed an ogre
  3162 | D:4      | Found a hazy altar of Hepliaklqana.
  3271 | D:4      | Slain by a gnoll

Illustrated notes

Levels and vault maps discovered:
D:1:      lemuel_arrival_tunnels, layout_basic
D:2:      layout_basic, basic_ecumenical_altar, serial_shops,
          nicolae_shop_bloodbath_and_beyond, kennysheep_generic_room_3
D:3:      wad_river_or_something, layout_loops_ring, general_overflow_altar,
          serial_shops, shop, nicolae_eternal_life
D:4:      layout_basic, lemuel_round_altar, makhleb_heckhound_becter

Skill      XL: |  1  2  3  4  5 |
---------------+----------------+-----
Dodging        | 2 |  2.0
Air Magic      | 3 4 |  4.1
Spellcasting   | 3 4 |  4.0
Fighting       | |  0.8
Stealth        | |  1.7
Conjurations   | |  1.0

Action                     |  1- 3 |  4- 6 || total
---------------------------+-------+-------++-------
  Melee: Unarmed           |    31 |       ||    31
         Punch             |     1 |       ||     1
         Dagger            |     3 |    32 ||    35
         Short sword       |     3 |       ||     3
         Tailslap          |       |     4 ||     4
   Cast: Shock             |    74 |    44 ||   118
    Use: Potion            |     1 |     3 ||     4
   Stab: Sleeping          |     1 |     3 ||     4
 Armour: Robe              |    80 |    23 ||   103
  Dodge: Dodged            |    79 |    28 ||   107

Table legend: (Time is in decaauts)
 A = Elapsed time spent in this place.
 B = Non-inter-level travel time spent in this place.
 C = Inter-level travel time spent in this place.
 D = Time resting spent in this place.
 E = Time spent auto-exploring this place.
 F = Levels seen in this place.
 G = Mean time per level.
                   A        B        C        D        E       F      G
               +--------+--------+--------+--------+--------+-----+--------+
         Total |   3270 |   3213 |     57 |    728 |   1800 |   4 |  817.5 |
       Dungeon |   3270 |   3213 |     57 |    728 |   1800 |   4 |  817.5 |
               +--------+--------+--------+--------+--------+-----+--------+

Top non-repeatable levels by time:
     D:2: 1197 daAuts
     D:1: 1176 daAuts
     D:3: 745 daAuts
     D:4: 151 daAuts
